 Dungeon Crawl Stone Soup version 0.31-a0-851-g7ff8af7976 (webtiles) character file.

Game seed: 7606761417798456794

8202 Flugkiller the Destroyer (level 11, -1/133 HPs)
             Began as a Yellow Draconian Reaver on Oct 8, 2023.
             Was the Champion of Fedhas.
             Slain by a wolf (2 damage)
             ... in a Gauntlet.
             The game lasted 00:12:27 (10328 turns).

Flugkiller the Destroyer (Yellow Draconian Reaver) Turns: 10328, Time: 00:12:28

Health: -1/133     AC: 10    Str: 25    XL:     11   Next: 6%
Magic:  18/18      EV: 13    Int: 16    God:    Fedhas [******]
Gold:   77         SH:  0    Dex: 13    Spells: 12/20 levels left

rFire   . . .        C - +4 morningstar
rCold   + . .        (no shield)
rNeg    . . .        (body armour unavailable)
rPois   .            (helmet restricted)
rElec   +            g - scarf "Passis" {+Inv, rElec Str+3 Int+3}
rCorr   +            c - +2 pair of gloves
SInv    .            (no boots)
Will    .....        (no amulet) Stlth
                     p - ring of protection from cold
HPRegen 0.42/turn    F - +6 ring of strength
MPRegen 0.16/turn

%: no teleportation
@: berserking, short of breath, very quick
A: spit acid, AC +7, unfitting armour, cold-blooded, acid resistance
a: Breathe Acid, Renounce Religion, Evoke Invisibility, Wall of Briars, Grow
Ballistomycete, Overgrow, Grow Oklob


You were in a Gauntlet.
You worshipped Fedhas.
Fedhas was exalted by your worship.
You visited 1 branch of the dungeon, and saw 11 of its levels.
You also visited: Sewer and Gauntlet.

You collected 377 gold pieces.
You spent 300 gold pieces at shops.

Inventory:

Hand Weapons
 y - a +3 war axe of freezing
   (You took it off a wight on level 6 of the Dungeon)
 A - a +0 dire flail
   (You took it off an orc warrior on level 7 of the Dungeon)
 B - a +3 flail of freezing
   (You took it off a wight on level 8 of the Dungeon)
 C - a +4 morningstar (weapon)
   (You took it off a wight on level 7 of the Dungeon)
Armour
 a - the +0 pair of boots of Evolution {Will+++ rCorr Str-2 Dex-5}
   (You found it on level 8 of the Dungeon)

   Str-2:     It affects your strength (-2).
   Dex-5:     It affects your dexterity (-5).
   Will+++:   It greatly increases your willpower.
   rCorr:     It protects you from acid and corrosion.
 c - a +2 pair of gloves (worn)
   (You found it on level 5 of the Dungeon)
 g - the scarf "Passis" (worn) {+Inv, rElec Str+3 Int+3}
   (You acquired it on level 8 of the Dungeon)

   Str+3:     It affects your strength (+3).
   Int+3:     It affects your intelligence (+3).
   rElec:     It insulates you from electricity.
Jewellery
 p - a ring of protection from cold (left hand)
   (You found it on level 1 of the Dungeon)
 r - the ring "Utroin" {Ice rElec rCorr}
   (You found it in a Gauntlet)

   [ring of ice]

   Ice:       It enhances your ice magic.
   rF-:       It makes you vulnerable to fire.
   rC+:       It protects you from cold.
   rElec:     It insulates you from electricity.
   rCorr:     It protects you from acid and corrosion.
 F - a +6 ring of strength (right hand)
   (You found it on level 12 of the Dungeon)
Wands
 j - a wand of light (10)
   (You found it on level 3 of the Dungeon)
 l - a wand of mindburst (6)
   (You found it in a Gauntlet)
Scrolls
 b - a scroll of fear
 f - a scroll of butterflies
 i - a scroll of vulnerability
 q - a scroll of silence
 s - a scroll of enchant weapon
 t - 4 scrolls of teleportation
 u - 2 scrolls of enchant armour
 z - 2 scrolls of blinking
 D - a scroll of fog {unknown}
 E - a scroll of immolation {unknown}
Potions
 d - 5 potions of might
 e - a potion of lignification
 h - 3 potions of haste
 k - a potion of cancellation
 m - 3 potions of invisibility
 n - a potion of enlightenment
 o - a potion of degeneration {unknown}
 v - a potion of mutation {unknown}
 w - a potion of heal wounds
 x - a potion of curing {unknown}


   Skills:
 + Level 6.0 Fighting
 - Level 6.0 Maces & Flails
 - Level 5.0 Dodging
 - Level 5.0 Spellcasting
 - Level 10.0 Conjurations
 - Level 7.0 Transmutations
 - Level 4.0 Invocations
 - Level 6.0 Evocations


You had 12 spell levels left.
You knew the following spells:

 Your Spells              Type           Power      Damage    Failure   Level
a - Kiss of Death         Conj/Necr      80%        2d11      1%          1
b - Momentum Strike       Conj/Tloc      40%        3d9       3%          2
i - Irradiate             Conj/Tmut      15%        3d16      13%         5

Your spell library contained the following spells:

 Spells                   Type           Power      Damage    Failure   Level
 Wereblood                Tmut           26%        N/A       1%          2
 Dazzling Flash           Conj/Hex       40%        N/A       6%          3
 Hailstorm                Conj/Ice       20%        3d6       6%          3
 Stone Arrow              Conj/Erth      40%        3d9       6%          3
 Iskenderun's Battlesphe  Conj           36%        2d9       7%          5
 Volatile Blastmotes      Fire/Tloc      8%         2d10      41%         3
 Bombard                  Conj/Erth      10%        9d2       96%         6
 Starburst                Conj/Fire      10%        6d5       96%         6
 Spellforged Servitor     Conj/Summ      10%        N/A       100%        7
 Lehudib's Crystal Spear  Conj/Erth      10%        10d4      100%        8
 Maxwell's Capacitive Co  Air            2%         ∞         100%        8
 Animate Armour           Summ/Erth      Unusable   N/A       N/A         4

Dungeon Overview and Level Annotations

Branches:
Dungeon (12/15) Zot: 26770  Temple (0/1) D:7            Lair (0/5) D:8
  Sewer (visited)         Gauntlet (1/1) Zot: 5645
    Orc: D:9-12

Altars:
Cheibriados
Dithmenos
Elyvilon
Fedhas
Gozag
Nemelex Xobeh
Sif Muna
Yredelemnul
Zin

Shops:
D:7 :   D:8 !

Annotations:
D:5 3 runed translucent doors, exclusion: door, Stil's ghost, amateur FeEn
D:11 Urug
D:12 Snorg Gauntlet 9 transporters, exclusions: ice statue and lightning spire


Innate Abilities, Weirdness & Mutations

You can spit globs of acid.
Your golden yellow scales are hard. (AC +7)
You cannot fit into any form of body armour.
You are cold-blooded and may be slowed by cold attacks.
You are resistant to acid. (rCorr)


Message History

You barely miss the wolf.
The wolf is severely wounded.
The wolf bites you but does no damage. The wolf barely misses you.
You miss the wolf.
Your tail-slap misses the wolf.
The wolf is severely wounded.
The wolf bites you but does no damage.
You closely miss the wolf. The wolf bites you. x2
The wolf closely misses you.
You closely miss the wolf. The wolf bites you.
You closely miss the wolf.
The wolf is severely wounded.
The wolf bites you! The wolf bites you. The wolf misses you.
The wolf bites you but does no damage.
You hit the wolf.
Your tail-slap misses the wolf.
The wolf is lightly wounded.
The wolf bites you but does no damage. The wolf barely misses you.
You hit the wolf but do no damage.
The wolf is severely wounded.
The wolf closely misses you. The wolf bites you but does no damage.
The wolf barely misses you.
You miss the wolf.
The wolf is severely wounded.
The wolf barely misses you. The wolf bites you. The wolf closely misses you.
The wolf bites you.
You sock the wolf!
You kill the wolf!
Fedhas appreciates your contribution to the ecosystem.
The wolf completely misses you. The wolf closely misses you.
Press: ? - help, Shift-Dir - straight line, f - wolf
Aim: a wolf (lightly wounded, 43% to hit)
You spit a glob of acid.
The glob of acid hits the wolf!!
The acid corrodes the wolf!
The acid splashes onto the wolf!
The wolf is splashed with acid.
The acid corrodes the wolf!
The acid splashes onto the moth of wrath!
The moth of wrath is splashed with acid.
The acid corrodes the moth of wrath!
You kill the wolf!
Fedhas appreciates your contribution to the ecosystem.
The moth of wrath bites you.
The moth of wrath completely misses you.
You barely miss the moth of wrath.
The moth of wrath is lightly wounded.
The wolf bites you but does no damage. x2; The moth of wrath bites you.
The moth of wrath infuriates you!
A red film seems to cover your vision as you go berserk!
You feel yourself moving faster!
You feel mighty!
You thump the moth of wrath!
The moth of wrath is moderately wounded.
The wolf bites you. The moth of wrath misses you. The wolf bites you.
You closely miss the moth of wrath.
The moth of wrath is moderately wounded.
The wolf bites you. The moth of wrath bites you!
You barely miss the moth of wrath.
The moth of wrath is moderately wounded.
The wolf bites you! The moth of wrath bites you!!
* * * LOW HITPOINT WARNING * * *
The wolf misses you.
You bludgeon the moth of wrath!!
The moth of wrath is severely wounded.
The moth of wrath goads the wolf on!
The wolf goes berserk!
The wolf closely misses you.
You closely miss the moth of wrath.
The moth of wrath is severely wounded.
The wolf barely misses you. The wolf bites you.
* * * LOW HITPOINT WARNING * * *
The moth of wrath bites you.
* * * LOW HITPOINT WARNING * * *
You puncture the moth of wrath!
Your tail-slap misses the moth of wrath.
The moth of wrath is almost dead.
The wolf barely misses you. The wolf misses you.
The moth of wrath bites you but does no damage.
The wolf bites you!
* * * LOW HITPOINT WARNING * * *
You puncture the moth of wrath!
You kill the moth of wrath!
Fedhas appreciates your contribution to the ecosystem.
The wolf is no longer covered in acid.
The wolf bites you.
* * * LOW HITPOINT WARNING * * *
The wolf closely misses you.
Training target 6.0 for Fighting reached!
Your Fighting skill increases to level 6!
You need to enable at least one skill for training.
You hit the wolf.
Your tail-slap misses the wolf.
The wolf is moderately wounded.
The wolf misses you. The wolf barely misses you. The wolf closely misses you.
The wolf bites you.
* * * LOW HITPOINT WARNING * * *
Unknown command.
You closely miss the wolf.
The wolf is moderately wounded.
The wolf closely misses you. The wolf bites you.
* * * LOW HITPOINT WARNING * * *
Unknown command.
You bludgeon the wolf!!
Your tail-slap misses the wolf.
The wolf is almost dead.
The wolf completely misses you. The wolf closely misses you.
The wolf bites you but does no damage. The wolf bites you.
You die...
Fedhas appreciates your contribution to the ecosystem.

...............................≈#
######...#########...#########.##
.....#.⌠.#......)#.⌠.#..^.^.8#.≈#
#.##.#...#.##.##.#...#.8.#.#.#.≈≈
^.##.######..#..######..P.P.?#.≈#
.©.#y#©.©#.##y##©#©.©#.8.©.#©#.##
#.^yy#.⌠.##..#..##.⌠.#..P.P.$#..#
#.####...#.##.##h#...#.⌠.#.#=#...
.yy###.⌠.#....hh@#.⌠.#h.^.^.h#.∩.
######...#########...#########...
.....#.⌠.........#.⌠.....#.....⌠.
######...#########...#########...
....k#.⌠.#...YYYw#.⌠.#G.##.Gu#.∩.
.###.#...#.####.[#...#.#...###...
##...#.⌠.#.#...#.#.⌠.#.#..#[!#..#
.©..©#©.©#.#.©.#©#©.©#..#©#)©#.##
##...#####.#...#$#####..#..#.#.≈#


You could see a great orb of eyes, a torpor snail, 3 yaks, a raiju and 3 wolves.

Vanquished Creatures
  A two-headed ogre (D:12)
  A cyclops (D:12)
  A moth of wrath (Gauntlet)
  3 trolls
  12 yaks
  A shadow (D:7)
  A wraith (D:7)
  A vampire mosquito (D:12)
  An acid dragon (D:8)
  A swamp worm (D:7)
  2 water moccasins
  5 orc warriors
  3 sky beasts (D:7)
  2 wolves (Gauntlet)
  A black bear (D:5)
  An ogre (D:6)
  4 kobold brigands
  2 bullfrogs
  A scorpion (D:5)
  17 wights
  3 howler monkeys
  4 hounds (D:6)
  A jelly (D:4)
  A gnoll bouda (D:7)
  3 orc priests
  3 iguanas
  5 orc wizards
  6 gnolls
  7 adders
  4 river rats (Sewer)
  2 white imps
  2 ufetubi
  3 dart slugs
  32 orcs
  7 ball pythons
  2 bats
  9 endoplasms
  4 giant cockroaches (D:6)
  8 goblins
  8 hobgoblins
  2 jackals (D:3)
  39 kobolds
  2 quokkas
  3 frilled lizards
  27 rats
248 creatures vanquished.

Vanquished Creatures (collateral kills)
  2 yaks
  An orc warrior (D:6)
  A wight (D:8)
4 creatures vanquished.

Grand Total: 252 creatures vanquished

Notes
Turn   | Place    | Note
-------+----------+-------------------------------------------
     0 | D:1      | Flugkiller the Draconian Reaver began the quest for the
                  | Orb.
     0 | D:1      | Reached XP level 1. HP: 17/17 MP: 3/3
   251 | D:1      | Reached XP level 2. HP: 15/24 MP: 5/5
   409 | D:1      | Found a faded altar of an unknown god.
   733 | D:1      | Prayed at the altar of an unknown god.
   733 | D:1      | Became a worshipper of Fedhas Madash
   733 | D:1      | Reached * piety under Fedhas
  1312 | D:2      | Reached XP level 3. HP: 28/30 MP: 6/6
  1956 | D:3      | Found a glowing silver altar of Zin.
  2114 | D:3      | Reached XP level 4. HP: 38/38 MP: 7/7
  2301 | D:3      | Reached ** piety under Fedhas
  2381 | D:3      | Found an opulent altar of Gozag.
  2488 | D:4      | Reached skill level 1 in Evocations
  2599 | D:4      | Reached XP level 5. HP: 30/45 MP: 8/8
  2707 | D:4      | Reached skill level 5 in Maces & Flails
  2978 | D:5      | Entered Level 5 of the Dungeon
  3025 | D:5      | Noticed Stil's ghost (amateur FeEn)
  3068 | D:5      | Noticed a black bear
  3085 | D:5      | Killed a black bear
  3086 | D:5      | Reached XP level 6. HP: 35/51 MP: 9/9
  3213 | D:5      | Found a runed translucent gate.
  3213 | D:5      | Found a runed translucent gate.
  3213 | D:5      | Found a runed translucent gate.
  3233 | D:5      | Found a shimmering blue altar of Sif Muna.
  3272 | D:5      | Found a shadowy altar of Dithmenos.
  3333 | D:5      | Noticed a water moccasin
  3343 | D:5      | Killed a water moccasin
  3376 | D:5      | Reached skill level 1 in Invocations
  3612 | D:6      | Found a glowing drain.
  3633 | D:6      | Reached *** piety under Fedhas
  3639 | Sewer    | Entered a sewer
  3689 | Sewer    | Your scales start taking on a golden yellow colour.
  3689 | Sewer    | Reached XP level 7. HP: 39/57 MP: 10/10
  3689 | Sewer    | Gained mutation: You are resistant to acid. (rCorr) [Yellow
                  | Draconian growth]
  3938 | Sewer    | Reached **** piety under Fedhas
  4579 | D:6      | Noticed a yak
  4579 | D:6      | Noticed a yak
  4684 | D:6      | Noticed a yak
  4684 | D:6      | Noticed a yak
  4685 | D:6      | Noticed a yak
  4721 | D:6      | Killed a yak
  4727 | D:6      | Killed a yak
  4728 | D:6      | Reached skill level 5 in Dodging
  4728 | D:6      | Reached XP level 8. HP: 14/63 MP: 11/11
  4992 | D:6      | Reached skill level 5 in Evocations
  4994 | D:6      | Reached skill level 5 in Fighting
  5109 | D:6      | Learned a level 2 spell: Momentum Strike
  5138 | D:6      | Found a basalt altar of Yredelemnul.
  5383 | D:6      | Reached ***** piety under Fedhas
  5384 | D:6      | Reached skill level 4 in Conjurations
  5664 | D:6      | Reached XP level 9. HP: 74/74 MP: 12/12
  5670 | D:6      | Reached skill level 5 in Conjurations
  5676 | D:6      | Learned a level 5 spell: Irradiate
  5705 | D:6      | Reached skill level 1 in Transmutations
  6357 | D:7      | Reached skill level 6 in Conjurations
  6575 | D:7      | Found a staircase to the Ecumenical Temple.
  7309 | D:6      | Reached XP level 10. HP: 41/81 MP: 17/17
  7455 | D:7      | Found a white marble altar of Elyvilon.
  7455 | D:7      | Found a snail-covered altar of Cheibriados.
  7582 | D:7      | Found Munin's Book Shop.
  7704 | D:8      | Reached skill level 7 in Conjurations
  7748 | D:8      | Found Rumonuw's Distillery.
  7773 | D:8      | Bought 2 potions of haste for 300 gold pieces
  7850 | D:8      | Identified the +0 pair of boots of Evolution {Will+++ rCorr
                  | Str-2 Dex-5}
  7941 | D:8      | Reached skill level 5 in Spellcasting
  7954 | D:8      | Reached skill level 5 in Transmutations
  8121 | D:8      | Identified a scroll of acquirement
  8293 | D:8      | Found a staircase to the Lair.
  8306 | D:8      | Found a sparkling altar of Nemelex Xobeh.
  8721 | D:8      | Acquired the scarf "Passis" {+Inv, rElec Str+3 Int+3}
  8936 | D:9      | Found a blossoming altar of Fedhas.
  8940 | D:9      | Reached ****** piety under Fedhas
  9150 | D:9      | Reached skill level 8 in Conjurations
  9417 | D:9      | You fall into a shaft and drop 3 floors!
  9455 | D:12     | Noticed a two-headed ogre
  9476 | D:12     | Killed a two-headed ogre
  9494 | D:12     | Noticed a cyclops
  9517 | D:12     | Killed a cyclops
  9518 | D:12     | Reached skill level 9 in Conjurations
  9644 | D:12     | Noticed a skeletal warrior
  9651 | D:12     | Noticed Snorg
  9651 | D:12     | Noticed a skeletal warrior
  9651 | D:12     | Noticed a skeletal warrior
  9651 | D:12     | Noticed a skeletal warrior
  9765 | D:11     | Noticed Urug
  9948 | D:11     | Reached skill level 10 in Conjurations
  9949 | D:11     | Reached XP level 11. HP: 35/88 MP: 11/18
  9974 | D:11     | Found a gate leading to a gauntlet.
  9977 | Gauntlet | Entered a Gauntlet
  9977 | Gauntlet | Found a transporter.
  9977 | Gauntlet | Found a transporter.
  9989 | Gauntlet | Found a transporter.
  9990 | Gauntlet | Found a transporter.
  9997 | Gauntlet | Found a transporter.
 10001 | Gauntlet | Found a transporter.
 10009 | Gauntlet | Found a transporter.
 10026 | Gauntlet | Found a transporter.
 10026 | Gauntlet | Noticed a red ugly thing
 10029 | Gauntlet | Noticed a great orb of eyes
 10043 | Gauntlet | Found a transporter.
 10044 | Gauntlet | Found a transporter.
 10052 | Gauntlet | Found a transporter.
 10056 | Gauntlet | Found a transporter.
 10225 | Gauntlet | Identified the ring "Utroin" {Ice rElec rCorr}
 10324 | Gauntlet | HP: 6/132 [wolf (13)]
 10326 | Gauntlet | HP: 1/133 [wolf (2)]
 10328 | Gauntlet | Slain by a wolf

Illustrated notes

Levels and vault maps discovered:
D:1:      heliophobic_arrival_ceremonial_halls, layout_loops_ring,
          shapermc_ecumenical_altar_hornbeckon, minmay_distorted
D:2:      layout_basic, serial_forest, infiniplex_forest_lined_4_way,
          infiniplex_forest_clump_small, infiniplex_forest_lined_room_2,
          infiniplex_forest_join, infiniplex_forest_fountain,
          roderic_malta_cross, chequers_serial_rivers_micro_d
D:3:      layout_loops_cross, pdpol_temple_overflow_zin_treasury_gozag_greed
D:4:      layout_rooms
D:5:      layout_basic, led_sif_book, grunt_dithmenos_smoke_and_mirrors,
          gammafunk_ghost_icy
D:6:      layout_gridville, yredelemnul_altar_generic, portal_sewer_entry_f
D:7:      layout_loops_cross, nicolae_overflow_two_pavilions,
          minmay_temple_entry_stoned_glass, serial_shops, shop, worms_lemuel
D:8:      layout_basic, mainiacjoe_overflow_paths, lair_entry_dummy,
          serial_shops, nicolae_shop_stone
D:9:      layout_loops_corners, mainiacjoe_overflow_alcove_4, hiddenorc2_lemuel
D:11:     layout_stronghold, gauntlet_entry_generic, uniq_josephine,
          uniq_erolcha, uniq_urug
D:12:     layout_basic, serial_shops, shop, nicolae_water_bricks,
          chequers_jeans, uniq_nergalle, uniq_snorg
Gauntlet: minmay_gauntlet_77_indecision [minmay_gauntlet_arena_77_p_blocks,
          minmay_gauntlet_arena_77_mirror, minmay_gauntlet_arena_77_braids,
          minmay_gauntlet_arena_77_box, minmay_gauntlet_arena_77_museum,
          minmay_gauntlet_arena_77_squiggly, dreamdust_gauntlet_exit_labyrinth]

Skill      XL: |  1  2  3  4  5  6  7  8  9 10 11 |
---------------+----------------------------------+-----
Maces & Flails | 4 5 6 |  6.0
Fighting       | 3 5 6 |  6.0
Evocations     | 2 3 4 6 |  6.0
Invocations    | 2 3 4 |  4.0
Dodging        | 5 |  5.0
Conjurations   | 4 6 10 | 10.0
Transmutations | 4 7 |  7.0
Spellcasting   | 4 5 |  5.0

Action                     |  1- 3 |  4- 6 |  7- 9 | 10-12 || total
---------------------------+-------+-------+-------+-------++-------
  Melee: Mace              |    33 |       |       |       ||    33
         Tailslap          |     2 |     7 |    47 |    29 ||    85
         Punch             |     1 |       |     5 |     3 ||     9
         Flail             |    57 |   134 |   344 |    36 ||   571
         Morningstar       |       |       |       |   159 ||   159
   Cast: Irradiate         |       |       |       |     1 ||     1
 Invoke: Wall of Briars    |       |       |     1 |     4 ||     5
Ability: Breathe Acid      |       |       |    12 |     9 ||    21
  Evoke: Wand              |       |     4 |     2 |     3 ||     9
    Use: Scroll            |       |     7 |       |    13 ||    20
         Potion            |       |     2 |       |     2 ||     4
   Stab: Sleeping          |       |       |     1 |     1 ||     2
         Invisible         |       |       |     1 |       ||     1
         Distracted        |       |       |     1 |       ||     1
 Armour: Skin              |    62 |   102 |   259 |   177 ||   600
  Dodge: Dodged            |    63 |   119 |   285 |   138 ||   605

Table legend: (Time is in decaauts)
 A = Elapsed time spent in this place.
 B = Non-inter-level travel time spent in this place.
 C = Inter-level travel time spent in this place.
 D = Time resting spent in this place.
 E = Time spent auto-exploring this place.
 F = Levels seen in this place.
 G = Mean time per level.
                   A        B        C        D        E       F      G
               +--------+--------+--------+--------+--------+-----+--------+
         Total |  10502 |  10168 |    334 |   2678 |   5104 |  13 |  807.8 |
       Dungeon |   9437 |   9103 |    334 |   2468 |   4686 |  11 |  857.9 |
         Sewer |    711 |    711 |      0 |    161 |    323 |   1 |  711.0 |
      Gauntlet |    353 |    353 |      0 |     49 |     94 |   1 |  353.0 |
               +--------+--------+--------+--------+--------+-----+--------+

Top non-repeatable levels by time:
     D:6: 2150 daAuts
     D:7: 1346 daAuts
     D:8: 1100 daAuts
     D:1: 981 daAuts
     D:2: 780 daAuts
     D:3: 737 daAuts
   Sewer: 711 daAuts
     D:9: 660 daAuts
     D:5: 581 daAuts
     D:4: 530 daAuts
Gauntlet: 353 daAuts
    D:12: 337 daAuts
    D:11: 229 daAuts
